Map: [ESL] Hard Lead

Players

Firefly - Winner!

  • Race: Protoss Protoss
  • Spawn Location: 11:00

Cyan

  • Race: Protoss Protoss
  • Spawn Location: 5:00

Event: ESL SC2 Masters 2023 Winter (Regional)

VOD

Have the link to the VOD?

Description

Time

  • Played on: Nov. 19, 2023, 7:11 a.m.
  • Length: 7:15

All games in this series

Show
View Real Time Build Order
Export as new Build Order

Firefly Protoss - Winner!

Build Orders:  

Get SALT Encoding   

  12  0:00  Probe  
  13  0:12  Probe  
  14  0:17  Pylon  
  14  0:24  Probe  
  15  0:35  Gateway  
  15  0:37  Probe (Chrono Boost)  
  16  0:46  Assimilator, Probe (Chrono Boost)  
  17  0:51  Probe (Chrono Boost)  
  18  0:57  Assimilator  
  18  1:03  Probe (Chrono Boost)  
  19  1:08  Gateway  
  19  1:15  Probe (Chrono Boost)  
  20  1:23  Probe (Chrono Boost)  
  20  1:25  Cybernetics Core  
  21  1:29  Probe  
  22  1:36  Pylon  
  22  1:41  Probe  
  23  2:00  Warp Gate (Chrono Boost)  
  23  2:01  Stalker x2  
  27  2:10  Pylon  
  27  2:31  Stalker x2  
  31  2:51  Nexus  
  31  3:01  Probe  
  31  3:03  Pylon  
  32  3:11  Pylon  
  32  3:13  Sentry, Probe  
  32  3:14  Sentry  
  37  3:25  Twilight Council, Probe  
  38  3:43  Stargate  
  38  3:44  Gateway  
  38  3:45  Stalker  
  39  4:02  Shield Battery  
  39  4:03  Stalker  
  41  4:13  Stalker  
  43  4:18  Shield Battery  
  43  4:19  Probe x2  
  45  4:29  Stalker  
  47  4:40  Stalker  
  47  4:43  Pylon  
  49  4:56  Pylon  
  49  4:57  Shield Battery  
  49  4:58  Stalker  
  49  4:59  Stalker  
  53  5:09  Probe  
  54  5:14  Pylon  
  54  5:32  Probe (Chrono Boost), Phoenix  
  58  5:37  Twilight Council, Probe (Chrono Boost)  
  58  5:39  Robotics Facility  
  58  5:42  Probe (Chrono Boost)  
  59  5:46  Probe (Chrono Boost)  
  61  5:51  Probe (Chrono Boost)  
  62  6:00  Pylon  
  62  6:03  Shield Battery, Pylon  
  61  6:04  Shield Battery  
  61  6:18  Phoenix  
  61  6:19  Stalker x3  
  69  6:27  Immortal (Chrono Boost)  
  73  6:35  Shield Battery  
  73  6:37  Shield Battery  
  73  6:44  Zealot  
  73  6:45  Stalker  
  71  7:00  Stalker  
  61  7:09  Stalker x2  
Show
View Real Time Build Order
Export as new Build Order

Cyan Protoss 

Build Orders:  

Get SALT Encoding   

  12  0:00  Probe  
  13  0:12  Probe  
  14  0:16  Pylon  
  14  0:24  Probe (Chrono Boost)  
  15  0:36  Probe (Chrono Boost)  
  15  0:37  Gateway  
  16  0:43  Probe (Chrono Boost)  
  16  0:46  Assimilator  
  17  0:51  Probe  
  17  0:55  Assimilator  
  18  1:03  Probe (Chrono Boost)  
  19  1:07  Gateway  
  19  1:13  Probe (Chrono Boost)  
  19  1:18  Probe (Chrono Boost)  
  21  1:26  Cybernetics Core  
  21  1:29  Probe  
  22  1:35  Pylon  
  22  1:41  Probe  
  23  1:53  Probe  
  24  2:02  Adept x2  
  24  2:03  Warp Gate  
  28  2:13  Robotics Facility  
  28  2:15  Pylon  
  28  2:26  Pylon  
  28  2:32  Stalker  
  30  2:38  Stalker  
  32  2:49  Gateway  
  32  2:58  Immortal (Chrono Boost)  
  35  3:08  Pylon  
  35  3:15  Sentry  
  37  3:26  Warp Prism (Chrono Boost)  
  39  3:51  Stalker x2  
  39  3:52  Stalker  
  46  3:56  Observer  
  46  4:00  Pylon  
  40  4:21  Adept  
  40  4:22  Adept x2  
  46  4:32  Pylon  
  46  4:46  Stalker x2  
  42  4:54  Immortal (Chrono Boost)  
  46  5:12  Adept  
  46  5:13  Adept  
  50  5:15  Adept  
  52  5:31  Immortal (Chrono Boost)  
  56  5:40  Pylon  
  56  5:48  Stalker  
  58  5:56  Stalker  
  60  6:07  Stalker  
  62  6:23  Stalker x2  
  66  6:30  Stalker  
  50  6:55  Stalker x3  
  50  7:01  Stalker x3  
Tags
 
Add a new tag
Caveats
  • Supply blocks, unpowered buildings, or Contaminate may cause inaccurate times.
  • Supply counts are checked every 10 seconds.